 Dungeon Crawl Stone Soup version 0.28.0-53-g5a82cb258f (webtiles) character file.

Game seed: 3344788682407886871

16 purpskrrrp the Shooter (level 2, -2/17 HPs)
             Began as a Deep Elf Hunter on July 2, 2022.
             Slain by a kobold
             ... wielding a +0 short sword
              (4 damage)
             ... on level 2 of the Dungeon.
             The game lasted 00:05:11 (1226 turns).

purpskrrrp the Shooter (Deep Elf Hunter)            Turns: 1226, Time: 00:05:12

Health: -2/17      AC:  3    Str:  9    XL:     2   Next: 41%
Magic:  4/4        EV: 12    Int: 15    God:
Gold:   27         SH:  0    Dex: 15    Spells: 1/1 levels left

rFire   . . .      SeeInvis .   k - +4 whip
rCold   . . .      Faith    .   (no shield)
rNeg    . . .      Spirit   .   c - +0 leather armour
rPois   .          Reflect  .   (no helmet)
rElec   .          Harm     .   (no cloak)
rCorr   .          Rampage  .   (no gloves)
Will    .....                   (no boots)
Stlth   ++........              (no amulet)
HPRegen 0.05/turn               g - ring of flight
MPRegen 0.09/turn               (no ring)

@: flying
A: no striking features
a: no special abilities


You were on level 2 of the Dungeon.
You visited 1 branch of the dungeon, and saw 2 of its levels.

You collected 27 gold pieces.

Inventory:

Hand Weapons
 a - a +1 shortbow
 b - a +0 short sword
 k - a +4 whip (weapon)
Missiles
 d - 28 arrows
Armour
 c - a +0 leather armour (worn)
Jewellery
 g - a ring of flight (left hand)
Scrolls
 f - a scroll of enchant weapon {unknown}
 i - 2 scrolls of identify {unknown}
 m - a scroll of teleportation {unknown}
Potions
 e - a potion of invisibility {unknown}
 h - a potion of curing {unknown}
 j - a potion of mutation {unknown}
 l - a potion of brilliance {unknown}


   Skills:
 + Level 1.7 Fighting
 * Level 0.4 Short Blades
 + Level 5.6 Bows
 + Level 0.1 Armour
 + Level 2.4 Dodging
 * Level 2.1 Stealth


You had one spell level left.
You didn't know any spells.
Your spell library was empty.

Dungeon Overview and Level Annotations

Branches:
Dungeon (2/15)

Altars:


Message History

A frilled lizard comes into view.
The kobold closely misses you. The quokka bites you.
The frilled lizard hisses angrily.
You hit the hobgoblin.
You kill the hobgoblin!
The quokka bites you.
The kobold hits you with a +0 short sword.
A rat comes into view.
You hit the kobold but do no damage. The quokka misses you.
The orc hits you but does no damage. The kobold closely misses you.
The quokka bites you but does no damage.
You whack the quokka!
You kill the quokka!
You hit the kobold.
The kobold is heavily wounded.
The kobold misses you.
You hit the kobold.
The kobold is severely wounded.
The kobold barely misses you.
The kobold hits you with a +0 short sword.
* * * LOW HITPOINT WARNING * * *
You are too injured to fight recklessly!
You are too injured to fight recklessly!
You are too injured to fight recklessly!
You are too injured to fight recklessly!
You are too injured to fight recklessly!
You are too injured to fight recklessly!
You are too injured to fight recklessly!
You are too injured to fight recklessly!
You are too injured to fight recklessly!
You completely miss the kobold.
The kobold is severely wounded.
The kobold misses you.
You completely miss the kobold.
The kobold is severely wounded.
The kobold hits you with a +0 short sword.
* * * LOW HITPOINT WARNING * * *
There is a stone staircase leading up here.
The kobold hits you with a +0 short sword.
You die...

#....# #....# ### #....# #..
....#####....#### #.#
................# #.#
.........##+###.####.#######
........J##.#...............
........roK........>........
........l##@#.#.............
...##..######.#.............
.. ##. #.#.###.#.#..#.# . #.
#.#.###.#.#..#.# #.
#............#..
###.###.#.##.### #.#
#.#......# #.# #.........
#.# #####..###


You could see an orc, an endoplasm, a kobold and a rat.

Vanquished Creatures
  2 endoplasms
  A giant cockroach (D:2)
  3 goblins (D:1)
  A hobgoblin (D:2)
  2 quokkas (D:2)
  A ball python (D:1)
  A bat (D:1)
  A frilled lizard (D:2)
  2 kobolds
  A rat (D:2)
15 creatures vanquished.

Notes
Turn   | Place    | Note
-------+----------+-------------------------------------------
     0 | D:1      | purpskrrrp the Deep Elf Hunter began the quest for the Orb.
     0 | D:1      | Reached XP level 1. HP: 12/12 MP: 3/3
  1095 | D:2      | Reached XP level 2. HP: 16/17 MP: 4/4
  1175 | D:2      | Found a faded altar of an unknown god.
  1226 | D:2      | Slain by a kobold

Illustrated notes

Levels and vault maps discovered:
D:1:      tarquinn_simple_flora_water_a, layout_loops_corners
D:2:      layout_basic, ebering_ecumenical_altar_rust

Skill      XL: |  1  2 |
---------------+-------+-----
Stealth        | 2 |  2.1
Fighting       | |  1.7
Short Blades   | |  0.4
Bows           | |  5.6
Armour         | |  0.1
Dodging        | |  2.4

Action                   || total
-------------------------++-------
Melee: Short sword       ||     7
       Whip              ||    23
       Punch             ||     1
 Fire: Shortbow          ||    14
 Stab: Sleeping          ||     1
Armor: Leather armour    ||    12
Dodge: Dodged            ||    28
